[Event "ICC tourney 1994 (90 10)"]
[Site "Internet Chess Club"]
[Date "2020.09.06"]
[Round "4"]
[White "chessmate09520"]
[Black "IndianTerritory"]
[Result "0-1"]
[ICCResult "White resigns"]
[WhiteElo "2049"]
[BlackElo "2018"]
[Opening "Caro-Kann: exchange variation"]
[ECO "B13"]
[NIC "CK.02"]
[Time "15:31:47"]
[TimeControl "5400+10"]

1. e4 c6 2. d4 d5 3. exd5 cxd5 4. Bd3 Nc6 5. c3 Nf6 6. h3 e6 7. Bf4 Bd6 8.
Bxd6 Qxd6 9. Nf3 O-O 10. O-O Bd7 11. Re1 Rac8 12. Ne5 Ne7 13. Nd2 Rfd8 14.
Qf3 Qb6 15. Rab1 Qa5 16. a3 Be8 17. h4 Nc6 18. h5 h6 19. Nf1 Nxe5 20. dxe5
Nd7 21. Nh2 Qc7 22. Ng4 Nc5 23. Bc2 d4 24. cxd4 Rxd4 25. Rbd1 Rxd1 26. Rxd1
Nd7 27. Rc1 Kf8 28. Qe4 Qc5 29. Qxb7 Rb8 30. Qe4 Rxb2 31. Qh7 Nxe5 32. Ne3
Rb3 33. Re1 Qc3 34. Re2 Rxa3 35. f4 Qc5 36. fxe5 Rxe3 37. Rxe3 Qxe3+ 38. Kh1
Qe1+ 39. Kh2 Qxe5+ 40. Kg1 Qc5+ 41. Kf1 Bb5+ 42. Bd3 Bxd3+ 43. Qxd3 Qf5+
{White resigns}
0-1

[Event "ICC tourney 1994 (90 10)"]
[Site "Internet Chess Club"]
[Date "2020.09.06"]
[Round "4"]
[White "Ben1927829"]
[Black "blueeagle405"]
[Result "0-1"]
[ICCResult "White checkmated"]
[WhiteElo "1847"]
[BlackElo "2003"]
[Opening "Sicilian: Pelikan, Chelyabinsk variation"]
[ECO "B33"]
[NIC "SI.37"]
[Time "15:31:55"]
[TimeControl "5400+10"]

1. e4 c5 2. Nf3 Nc6 3. d4 cxd4 4. Nxd4 Nf6 5. Nc3 e5 6. Ndb5 d6 7. Bg5 a6 8.
Na3 b5 9. Nd5 Be7 10. Bxf6 Bxf6 11. c3 O-O 12. Nc2 Bg5 13. a4 bxa4 14. Rxa4
a5 15. Bc4 Bd7 16. Ra1 a4 17. O-O Na5 18. Qd3 Rb8 19. Ncb4 Nxc4 20. Qxc4 Bb5
21. Qa2 Bxf1 22. Rxf1 Qd7 23. Ra1 Qb5 24. Qxa4 Qe2 25. b3 Qxe4 26. Qc6 Qg6
27. Qd7 Kh8 28. Nc6 Rxb3 29. Qa7 Rb1+ 30. Rxb1 Qxb1# {White checkmated} 0-1

[Event "ICC tourney 1994 (90 10)"]
[Site "Internet Chess Club"]
[Date "2020.09.06"]
[Round "4"]
[White "RisingRook"]
[Black "KnightHopper"]
[Result "0-1"]
[ICCResult "White resigns"]
[WhiteElo "1942"]
[BlackElo "2040"]
[Opening "Sicilian: Canal-Sokolsky (Nimzovich-Rossolimo, Moscow) attack"]
[ECO "B51"]
[NIC "SI.01"]
[Time "15:32:05"]
[TimeControl "5400+10"]

1. e4 c5 2. Nf3 d6 3. Bb5+ Nd7 4. O-O a6 5. Bd3 e5 6. c3 Ngf6 7. Bc2 g6 8.
d4 Bg7 9. dxe5 dxe5 10. a4 O-O 11. Nbd2 Re8 12. Nc4 Rb8 13. Nd6 Rf8 14. Ng5
h6 15. Ngxf7 Rxf7 16. Bb3 Kh7 17. Nxf7 Qf8 18. f4 c4 19. fxe5 Nxe5 20. Nxe5
cxb3 21. Be3 Qe8 22. Bf4 Be6 23. Qf3 Nh5 24. Nxg6 Kxg6 25. Bxb8 Qxb8 26. e5
Bxe5 27. g3 Nf6 28. Qe3 Bh3 29. Rfe1 Ng4 30. Qb6+ Kg7 31. Rad1 Bf6 32. Rd7+
Kg6 33. Rxb7 Qc8 34. Re6 Qc4 35. Re1 Qd5 {White resigns} 0-1

[Event "ICC tourney 1994 (90 10)"]
[Site "Internet Chess Club"]
[Date "2020.09.06"]
[Round "4"]
[White "agpil"]
[Black "Gfprasanna"]
[Result "0-1"]
[ICCResult "White checkmated"]
[WhiteElo "1860"]
[BlackElo "2121"]
[Opening "Ruy Lopez: closed (10...c5)"]
[ECO "C96"]
[NIC "RL.23"]
[Time "15:31:44"]
[TimeControl "5400+10"]

1. e4 e5 2. Nf3 Nc6 3. Bb5 a6 4. Ba4 Nf6 5. O-O Be7 6. Re1 b5 7. Bb3 d6 8.
c3 O-O 9. h3 Na5 10. Bc2 c5 11. d4 cxd4 12. cxd4 Qc7 13. Nc3 Bb7 14. Bg5 h6
15. Bxf6 Bxf6 16. d5 Nc4 17. b3 Na3 18. Re3 Nxc2 19. Qxc2 b4 20. Rc1 Rac8
21. Qb2 bxc3 22. Rexc3 Qd7 23. Nd2 Bg5 24. h4 Bxd2 25. Qxd2 Rxc3 26. Rxc3
Rc8 27. Rg3 Kh8 28. f4 exf4 29. Qxf4 Re8 30. Rf3 f6 31. Re3 Qe7 32. Kf2 f5
33. exf5 Qxe3+ 34. Qxe3 Rxe3 35. Kxe3 Bxd5 36. g3 Kg8 37. Kd4 Bf3 38. Ke3
Bc6 39. g4 Kf7 40. Kf4 g6 41. g5 hxg5+ 42. hxg5 gxf5 43. Kxf5 Bd7+ 44. Ke4
Be6 45. Kd4 Kg6 46. Kc3 Kxg5 47. a4 Kf4 48. b4 Ke3 49. b5 axb5 50. axb5 Bd5
51. b6 Bb7 52. Kc4 d5+ 53. Kc3 d4+ 54. Kc2 d3+ 55. Kd1 d2 56. Kc2 Ke2 57.
Kc3 d1=Q 58. Kc4 Qd5+ 59. Kb4 Kd3 60. Ka4 Bc6+ 61. Kb4 Qb5+ 62. Ka3 Kc3 63.
b7 Qb3# {White checkmated} 0-1

[Event "ICC tourney 1994 (90 10)"]
[Site "Internet Chess Club"]
[Date "2020.09.06"]
[Round "4"]
[White "jy2020"]
[Black "BreatheChessAls"]
[Result "1-0"]
[ICCResult "Black resigns"]
[WhiteElo "2247"]
[BlackElo "1936"]
[Opening "Sicilian: Labourdonnais-Löwenthal (Kalashnikov) variation"]
[ECO "B32"]
[NIC "SI.32"]
[Time "15:31:42"]
[TimeControl "5400+10"]

1. e4 c5 2. Nf3 Nc6 3. d4 cxd4 4. Nxd4 e5 5. Nb5 d6 6. N1c3 a6 7. Na3 Be7 8.
Nd5 Nf6 9. Be3 Nxd5 10. exd5 Nb8 11. Nc4 Nd7 12. a4 O-O 13. Be2 f5 14. f4
Bf6 15. O-O exf4 16. Bxf4 Ne5 17. Nxe5 Bxe5 18. Bxe5 dxe5 19. Kh1 Qd6 20.
Qd2 b6 21. c4 Bb7 22. a5 bxa5 23. Rxa5 Kh8 24. Rd1 Rad8 25. Qc3 Qc7 26. Raa1
e4 27. Qd4 Rf6 28. Rf1 Qe7 29. Rf4 Qb4 30. Rd1 h6 31. g4 Rb6 32. gxf5 Qxb2
33. Rxe4 Qxd4 34. Rexd4 Rb2 35. Bf3 Rf8 36. Be4 Re8 37. c5 Re2 38. Bf3 R2e3
39. Kg2 R3e5 40. c6 Ba8 41. Rc4 Rxf5 42. d6 Rd8 43. d7 Rg5+ 44. Kf2 Rf5 45.
Rd3 Rdf8 46. d8=Q Rxf3+ 47. Ke1 {Black resigns} 1-0

[Event "ICC tourney 1994 (90 10)"]
[Site "Internet Chess Club"]
[Date "2020.09.06"]
[Round "4"]
[White "OneEverest"]
[Black "hushboy"]
[Result "1-0"]
[ICCResult "Black resigns"]
[WhiteElo "2039"]
[BlackElo "1907"]
[Opening "Pirc: classical, h3 system"]
[ECO "B06"]
[NIC "KF.05"]
[Time "15:32:06"]
[TimeControl "5400+10"]

1. e4 g6 2. d4 Bg7 3. Nf3 d6 4. h3 Nf6 5. Nc3 O-O 6. Bg5 Nc6 7. Qd2 e5 8.
dxe5 dxe5 9. Qxd8 Nxd8 10. Bxf6 Bxf6 11. Nd5 Bg7 12. Nxc7 Rb8 13. Bc4 Bxh3
14. Rxh3 Rc8 15. O-O-O Rxc7 16. Bd5 Nc6 17. c3 Ne7 18. Bb3 b5 19. Kb1 h6 20.
Rd6 Rfc8 21. Rh1 g5 22. Rhd1 Rc5 23. Rd7 R8c7 24. Rxc7 Rxc7 25. Rd8+ Kh7 26.
Bxf7 Nc6 27. Bg8+ Kh8 28. Ra8 {Black resigns} 1-0

[Event "ICC tourney 1994 (90 10)"]
[Site "Internet Chess Club"]
[Date "2020.09.06"]
[Round "4"]
[White "playerlucky"]
[Black "pianoboy"]
[Result "0-1"]
[ICCResult "White resigns"]
[WhiteElo "1905"]
[BlackElo "1934"]
[Opening "Queen's pawn game, Krause variation"]
[ECO "D02"]
[NIC "QP.08"]
[Time "15:32:04"]
[TimeControl "5400+10"]

1. d4 d5 2. Nf3 c5 3. Bf4 Nc6 4. e3 Bf5 5. dxc5 e6 6. c3 Bxc5 7. Nbd2 Nf6 8.
Nb3 Bd6 9. Bg5 O-O 10. Bd3 Bxd3 11. Qxd3 Be7 12. Rd1 Qc7 13. O-O Rfd8 14.
Qe2 e5 15. c4 e4 16. Nfd2 Qe5 17. cxd5 Rxd5 18. Bxf6 Bxf6 19. Nc4 Qe6 20. h3
Rad8 21. Rd2 Rg5 22. Kh1 Rgd5 23. Rfd1 Nb4 24. Rxd5 Rxd5 25. a3 Nd3 26. Nbd2
b5 27. Na5 Nxb2 28. Rb1 Nd3 29. f3 exf3 30. Nxf3 Qe4 31. Nd2 Qa4 32. e4 Rd7
33. Nc6 Qc2 34. Nb4 Nxb4 35. Rxb4 Rxd2 36. Qxb5 Rd1+ 37. Kh2 Qc7+
{White resigns}
0-1

[Event "ICC tourney 1994 (90 10)"]
[Site "Internet Chess Club"]
[Date "2020.09.06"]
[Round "4"]
[White "panss"]
[Black "Monkeybomb3605"]
[Result "1-0"]
[ICCResult "Black resigns"]
[WhiteElo "2148"]
[BlackElo "1992"]
[Opening "Sicilian: Alapin's variation (2.c3)"]
[ECO "B22"]
[NIC "SI.46"]
[Time "15:32:05"]
[TimeControl "5400+10"]

1. e4 c5 2. c3 Nf6 3. e5 Nd5 4. g3 Nc6 5. Bg2 Nb6 6. Nf3 d6 7. exd6 Qxd6 8.
O-O g6 9. Na3 a6 10. d4 cxd4 11. Nxd4 Nxd4 12. Qxd4 Qxd4 13. cxd4 Bg7 14.
Be3 O-O 15. Rac1 Rd8 16. Rc7 Bxd4 17. Rxe7 Bxe3 18. fxe3 Be6 19. Rxb7 Nd5
20. Re1 Rab8 21. Rxb8 Rxb8 22. Bxd5 Bxd5 23. b3 Rc8 24. Kf2 Kf8 25. e4 Be6
26. Re2 Ke7 27. Nc2 a5 28. Nd4 Bd7 29. Rc2 Rxc2+ 30. Nxc2 Kd6 31. Ke3 Ke5
32. Ne1 Kd6 33. Kd4 Bg4 34. Nd3 Bd7 35. Ne5 Be6 36. Nc4+ {Black resigns} 1-0

[Event "ICC tourney 1994 (90 10)"]
[Site "Internet Chess Club"]
[Date "2020.09.06"]
[Round "4"]
[White "kapilank"]
[Black "mopaska1106"]
[Result "1-0"]
[ICCResult "Black resigns"]
[WhiteElo "1928"]
[BlackElo "2008"]
[Opening "Sicilian: Sveshnikov variation"]
[ECO "B32"]
[NIC "SI.38"]
[Time "15:32:19"]
[TimeControl "5400+10"]

1. e4 c5 2. Nf3 Nc6 3. d4 cxd4 4. Nxd4 e5 5. Nb5 d6 6. N1c3 Nf6 7. Bg5 a6 8.
Bxf6 gxf6 9. Na3 b5 10. Nd5 f5 11. Bd3 Be6 12. O-O Bg7 13. c3 O-O 14. Ne3 f4
15. Nd5 Bxd5 16. exd5 Ne7 17. Nc2 f5 18. c4 Ng6 19. Be2 Qg5 20. Kh1 e4 21.
Nd4 f3 22. gxf3 Be5 23. Rg1 Qh4 24. Rg2 Kh8 25. Ne6 Rg8 26. Rg3 bxc4 27. Rc1
Rac8 28. Qf1 e3 29. Rh3 Qxf2 30. Rxc4 Rxc4 31. Bxc4 Nh4 32. f4 Bd4 33. Nxd4
{Black resigns}
1-0

[Event "ICC tourney 1994 (90 10)"]
[Site "Internet Chess Club"]
[Date "2020.09.06"]
[Round "4"]
[White "Heliosis"]
[Black "Tombstone"]
[Result "1-0"]
[ICCResult "Black checkmated"]
[WhiteElo "1890"]
[BlackElo "2001"]
[Opening "Sicilian: Canal-Sokolsky attack, 3...Bd7"]
[ECO "B52"]
[NIC "SI.01"]
[Time "15:31:44"]
[TimeControl "5400+10"]

1. e4 c5 2. Nf3 d6 3. Bb5+ Bd7 4. Bxd7+ Nxd7 5. O-O Ngf6 6. d3 g6 7. Ng5 h6
8. Nh3 Bg7 9. f4 Qc7 10. a4 O-O-O 11. a5 a6 12. c3 e5 13. Nd2 d5 14. b4 dxe4
15. dxe4 exf4 16. Ba3 Ne5 17. Qe2 g5 18. Nb3 Nd3 19. Nxc5 Nxc5 20. bxc5 Rhe8
21. Nf2 Qc6 22. Qc4 Re6 23. Rab1 Nxe4 24. Rb6 Nd2 25. Rxc6+ Rxc6 26. Qxf7
Nxf1 27. Kxf1 Rc7 28. Qe6+ Kb8 29. Ne4 Bf8 30. Nd6 Re7 31. Qd5 Red7 32. Qb3
Ka8 33. Qb6 Be7 34. c6 bxc6 35. Qxc6+ Kb8 36. Qb6+ Ka8 37. Qxa6+ Kb8 38.
Qb6+ Ka8 39. a6 Bf8 40. Bc5 Bxd6 41. Bxd6 Rc8 42. c4 Rf7 43. c5 f3 44. c6
fxg2+ 45. Kxg2 Re8 46. c7 Re2+ 47. Kg3 Rc2 48. Qb8# {Black checkmated} 1-0

[Event "ICC tourney 1994 (90 10)"]
[Site "Internet Chess Club"]
[Date "2020.09.06"]
[Round "4"]
[White "sushi96"]
[Black "wangfang75"]
[Result "1-0"]
[ICCResult "Black resigns"]
[WhiteElo "2002"]
[BlackElo "1871"]
[Opening "QGD: exchange, positional line"]
[ECO "D35"]
[NIC "QO.16"]
[Time "15:31:56"]
[TimeControl "5400+10"]

1. d4 d5 2. c4 e6 3. Nc3 Nf6 4. cxd5 exd5 5. Bg5 Be7 6. Qc2 h6 7. Bh4 c6 8.
e3 O-O 9. Bd3 Nbd7 10. Nge2 Nb6 11. O-O Bd7 12. f3 Rc8 13. Bf2 c5 14. Nf4 c4
15. Bf5 Bd6 16. Bxd7 Qxd7 17. Nfe2 Nh5 18. e4 Qc7 19. e5 Bxe5 20. dxe5 Qxe5
21. Bd4 Qg5 22. Rad1 Rfd8 23. Qd2 {Black resigns} 1-0

[Event "ICC tourney 1994 (90 10)"]
[Site "Internet Chess Club"]
[Date "2020.09.06"]
[Round "4"]
[White "Goran21"]
[Black "Chessking2008"]
[Result "0-1"]
[ICCResult "White checkmated"]
[WhiteElo "2072"]
[BlackElo "2193"]
[Opening "Sicilian"]
[ECO "B50"]
[NIC "SI.01"]
[Time "15:32:07"]
[TimeControl "5400+10"]

1. e4 c5 2. Nf3 d6 3. c3 Nf6 4. Be2 Nc6 5. d4 cxd4 6. cxd4 Nxe4 7. d5 Qa5+
8. Nc3 Nxc3 9. bxc3 Ne5 10. Nxe5 Qxc3+ 11. Bd2 Qxe5 12. O-O Bd7 13. Re1 Qf5
14. Qb3 b6 15. Bd3 Qh5 16. Rac1 Kd8 17. Ba6 e5 18. Qc4 Ke7 19. Bb4 f6 20.
Bxd6+ Kf7 21. Qc7 Qf5 22. Bxf8 Rhxf8 23. d6 Kg8 24. Bb7 Rad8 25. Be4 Qg5 26.
Bd5+ Kh8 27. Qxa7 Bg4 28. Qxb6 Qd2 29. Bb3 Rxd6 30. Qa7 Rfd8 31. h3 Be6 32.
Bxe6 Rxe6 33. a4 Ree8 34. Ra1 Ra8 35. Qf7 Rf8 36. Qe7 Rfe8 37. Qa3 Red8 38.
a5 Ra6 39. Qa4 Rda8 40. Red1 Qc3 41. Ra3 Qc5 42. Rda1 h6 43. Qd7 R6a7 44.
Qd3 Ra6 45. Rc3 Qd4 46. Qc2 Rc6 47. Raa3 Rxc3 48. Rxc3 e4 49. Rc8+ Rxc8 50.
Qxc8+ Kh7 51. a6 Qa1+ 52. Kh2 Qe5+ 53. g3 Qd4 54. Kg2 e3 55. Qc2+ Kh8 56.
fxe3 Qxe3 57. Qf2 Qe4+ 58. Kh2 Qa4 59. a7 Qa6 60. h4 h5 61. Kg1 Qa1+ 62. Kg2
Qa6 63. Kh3 Qc8+ 64. Kh2 Qa6 65. Kg2 Qb7+ 66. Kf1 Qa6+ 67. Ke1 Qa1+ 68. Ke2
Qa2+ 69. Kf1 Qa1+ 70. Kg2 Qa6 71. Qe3 Qb7+ 72. Kf2 Qb2+ 73. Ke1 Qa1+ 74. Ke2
Qb2+ 75. Kd3 Qb3+ 76. Ke4 Qe6+ 77. Kf4 Qg4# {White checkmated} 0-1

[Event "ICC tourney 1994 (90 10)"]
[Site "Internet Chess Club"]
[Date "2020.09.06"]
[Round "4"]
[White "HarleyQueen8"]
[Black "chessisthebest1"]
[Result "1/2-1/2"]
[ICCResult "Game drawn by mutual agreement"]
[WhiteElo "1847"]
[BlackElo "1883"]
[Opening "QGD: exchange, positional line"]
[ECO "D35"]
[NIC "QO.16"]
[Time "15:31:42"]
[TimeControl "5400+10"]

1. d4 d5 2. c4 e6 3. Nc3 Nf6 4. cxd5 exd5 5. Bg5 Nbd7 6. e3 c6 7. Bd3 Be7 8.
Nge2 O-O 9. O-O Re8 10. f3 Nf8 11. Qd2 Ne6 12. Bh4 b6 13. Bf2 Bb7 14. h3 Rc8
15. e4 dxe4 16. fxe4 Qd7 17. Bc2 Red8 18. Qd3 Nf8 19. Qf3 Ng6 20. Nf4 Qe8
21. e5 Nd5 22. Ncxd5 cxd5 23. Bf5 Rc4 24. e6 Nxf4 25. Qxf4 g6 26. Bd3 Rcc8
27. exf7+ Qxf7 28. Qxf7+ Kxf7 29. Bh4+ Ke8 30. Bxe7 Kxe7 31. Rae1+ Kd6 32.
Rf6+ Kc7 33. Rf7+ Rd7 34. Ree7 Rxe7 35. Rxe7+ Kb8 36. Rxh7 Rc1+ 37. Kh2 Rd1
38. Bxg6 Rxd4 39. h4 Rd2 40. Rg7 d4 41. Bf5 Rf2 42. Bd3 Rd2 43. Rg3 Bxg2 44.
Rxg2 Rxd3 45. h5 Rf3 {Game drawn by mutual agreement} 1/2-1/2

[Event "ICC tourney 1994 (90 10)"]
[Site "Internet Chess Club"]
[Date "2020.09.06"]
[Round "4"]
[White "Xuanli28"]
[Black "Solidwrench2"]
[Result "1-0"]
[ICCResult "Black resigns"]
[WhiteElo "2110"]
[BlackElo "1921"]
[Opening "Sicilian: Canal-Sokolsky (Nimzovich-Rossolimo, Moscow) attack"]
[ECO "B51"]
[NIC "SI.01"]
[Time "15:32:03"]
[TimeControl "5400+10"]

1. e4 c5 2. Nf3 d6 3. Bb5+ Nd7 4. d4 cxd4 5. Nxd4 Nf6 6. Nc3 a6 7. Be2 Nc5
8. f3 e5 9. Nb3 Nxb3 10. axb3 Be7 11. Bb5+ Bd7 12. Bxd7+ Qxd7 13. Be3 O-O
14. O-O Qc6 15. g4 b5 16. g5 Nd7 17. Nd5 Bd8 18. Kh1 f6 19. g6 hxg6 20. Nb4
Qb7 21. Qxd6 Nb8 22. Rg1 Kf7 23. Bc5 Re8 24. Rgd1 Be7 25. Qd5+ Qxd5 26. Rxd5
Rc8 27. Bxe7 Kxe7 28. Rxb5 Nd7 29. Rb7 a5 30. Nd5+ Kd8 31. Rd1 Rab8 32. Ra7
Ra8 33. Rxa8 Rxa8 34. Nb6 Ra7 35. Rxd7+ Rxd7 36. Nxd7 Kxd7 37. h4 Kd6 38.
Kg2 Kc5 39. c3 f5 40. Kf2 fxe4 41. fxe4 Kb5 42. Kg3 g5 43. h5 {Black
resigns} 1-0

[Event "ICC tourney 1994 (90 10)"]
[Site "Internet Chess Club"]
[Date "2020.09.06"]
[Round "4"]
[White "Yucheng"]
[Black "GutsyEdge"]
[Result "1/2-1/2"]
[ICCResult "Game drawn by mutual agreement"]
[WhiteElo "1906"]
[BlackElo "2061"]
[Opening "Grünfeld: modern exchange variation"]
[ECO "D85"]
[NIC "GI.04"]
[Time "15:32:30"]
[TimeControl "5400+10"]

1. d4 Nf6 2. c4 g6 3. Nc3 d5 4. cxd5 Nxd5 5. e4 Nxc3 6. bxc3 Bg7 7. Nf3 O-O
8. Be2 c5 9. O-O cxd4 10. cxd4 Nc6 11. Be3 Bg4 12. Rb1 Bxf3 13. Bxf3 Bxd4
14. Bxd4 Nxd4 15. Rxb7 e5 16. Be2 Qc8 17. Rb1 Rd8 18. Bf3 Qa6 19. Rb2 Rac8
20. Qb1 Nxf3+ 21. gxf3 h5 22. Rd1 Rxd1+ 23. Qxd1 Qa3 24. Qb3 Rc1+ 25. Kg2
Qe7 26. Qe3 Rc8 27. Rb5 h4 28. h3 Kg7 29. Ra5 Rc7 30. f4 exf4 31. Qxf4 Rc4
32. Qe3 Rxe4 33. Qxa7 Qb4 34. Qc5 Qe1 35. Ra8 Rg4+ 36. hxg4 Qe4+ 37. Kh2
Qxa8 38. Qg5 h3 39. Qe5+ Kg8 40. Kxh3 Qxa2 41. Qb8+ Kh7 42. Qg3 Qe2 43. Kg2
Qe4+ 44. Qf3 Qe6 45. Qh3+ Kg7 46. Qg3 g5 47. Qc3+ f6 48. Qf3 Qd7 49. Qe4 Qd6
{Game drawn by mutual agreement}
1/2-1/2

[Event "ICC tourney 1994 (90 10)"]
[Site "Internet Chess Club"]
[Date "2020.09.06"]
[Round "4"]
[White "RagingKnightNC"]
[Black "tangent"]
[Result "0-1"]
[ICCResult "White resigns"]
[WhiteElo "2089"]
[BlackElo "2309"]
[Opening "Queen's pawn: London system"]
[ECO "A45"]
[NIC "QP.07"]
[Time "15:31:41"]
[TimeControl "5400+10"]

1. d4 Nf6 2. Bf4 b6 3. e3 Bb7 4. Nf3 e6 5. Nbd2 d6 6. c3 Nbd7 7. Bd3 Qe7 8.
Bc4 g6 9. O-O Bg7 10. Bg3 O-O 11. e4 Nxe4 12. Nxe4 Bxe4 13. Qe2 Bxf3 14.
Qxf3 d5 15. Bb5 c5 16. Rfe1 Nf6 17. Bh4 h6 18. Bc6 Rac8 19. Bxd5 cxd4 20.
cxd4 g5 21. Bg3 Nxd5 22. Qxd5 Rfd8 23. Qb3 Rxd4 24. Rac1 Rxc1 25. Rxc1 Rd2
26. Rc8+ Kh7 27. h3 Qf6 28. Qa4 Rxb2 29. Qxa7 h5 30. Qa4 h4 31. Qe4+ Kh6 32.
Bd6 Qxf2+ 33. Kh1 Qf1+ 34. Kh2 Rb1 35. Rh8+ Bxh8 36. Bf8+ Bg7 37. Bxg7+ Kxg7
38. Qe5+ f6 39. Qc7+ Kh6 {White resigns} 0-1

[Event "ICC tourney 1994 (90 10)"]
[Site "Internet Chess Club"]
[Date "2020.09.06"]
[Round "4"]
[White "tedchen"]
[Black "musk6868"]
[Result "1-0"]
[ICCResult "Black checkmated"]
[WhiteElo "2365"]
[BlackElo "2037"]
[Opening "Nimzo-Indian: three knights variation"]
[ECO "E21"]
[NIC "NI.28"]
[Time "15:32:30"]
[TimeControl "5400+10"]

1. d4 Nf6 2. c4 e6 3. Nf3 Bb4+ 4. Nc3 O-O 5. Bg5 h6 6. Bh4 d6 7. e4 e5 8.
Bd3 Bxc3+ 9. bxc3 Bg4 10. h3 Bxf3 11. Qxf3 Nbd7 12. O-O Re8 13. Rfe1 Nf8 14.
Rab1 Rb8 15. Bg3 Ng6 16. h4 h5 17. Qf5 Qd7 18. c5 dxc5 19. dxe5 Qxd3 20.
exf6 Qxc3 21. fxg7 Kxg7 22. e5 Rbd8 23. Qxh5 Rd4 24. Qg5 Qd2 25. Re3 c4 26.
h5 Re6 27. hxg6 Rxg6 28. Qf5 c3 29. e6 c2 30. Be5+ f6 31. Bxf6+ Rxf6 32.
Rg3+ Kh6 33. Qxf6+ Kh5 34. Qg6+ Kh4 35. Rh3# {Black checkmated} 1-0

[Event "ICC tourney 1994 (90 10)"]
[Site "Internet Chess Club"]
[Date "2020.09.06"]
[Round "4"]
[White "imranchamp"]
[Black "andrewf2009"]
[Result "1-0"]
[ICCResult "Black checkmated"]
[WhiteElo "1803"]
[BlackElo "1837"]
[Opening "Sicilian: Grand Prix attack"]
[ECO "B23"]
[NIC "SI.44"]
[Time "15:31:39"]
[TimeControl "5400+10"]

1. e4 c5 2. Nc3 Nc6 3. f4 a6 4. a4 e6 5. Bc4 Nge7 6. Nf3 d5 7. Ba2 g6 8.
exd5 Nxd5 9. Nxd5 exd5 10. O-O Be7 11. d4 O-O 12. dxc5 Bxc5+ 13. Kh1 d4 14.
Ng5 h6 15. Ne4 Ba7 16. f5 Bxf5 17. Ng3 Be6 18. Bxh6 Re8 19. Bxe6 Rxe6 20.
Qg4 Ne5 21. Qf4 Qd7 22. Ne4 Qc7 23. Nf6+ Kh8 24. Qh4 Qe7 25. Bf8#
{Black checkmated}
1-0

[Event "ICC tourney 1994 (90 10)"]
[Site "Internet Chess Club"]
[Date "2020.09.06"]
[Round "4"]
[White "paciorkowski"]
[Black "SkyAngel"]
[Result "1-0"]
[ICCResult "Black resigns"]
[WhiteElo "2448"]
[BlackElo "2137"]
[Opening "Réti opening"]
[ECO "A06"]
[NIC "QP.09"]
[Time "15:31:42"]
[TimeControl "5400+10"]

1. Nf3 d5 2. e3 Nf6 3. c4 e6 4. Nc3 c6 5. b3 Nbd7 6. Qc2 Bd6 7. Bb2 O-O 8.
Rg1 e5 9. g4 d4 10. exd4 exd4 11. Nxd4 Bxh2 12. Rh1 Nxg4 13. O-O-O h6 14.
Nf5 Be5 15. d4 Bf4+ 16. Kb1 Ndf6 17. Bd3 Re8 18. Rdg1 Qc7 19. Be2 Qd7 20.
Bd3 g6 21. Ne2 Bg5 22. f4 gxf5 23. fxg5 hxg5 24. d5 Qe7 25. Rxg4 fxg4 26.
Qc3 {Black resigns} 1-0

[Event "ICC tourney 1994 (90 10)"]
[Site "Internet Chess Club"]
[Date "2020.09.06"]
[Round "4"]
[White "SilverDuck"]
[Black "ShadowApt"]
[Result "0-1"]
[ICCResult "White resigns"]
[WhiteElo "1935"]
[BlackElo "2096"]
[Opening "Sicilian: Najdorf, Lipnitzky attack"]
[ECO "B86"]
[NIC "SI.13"]
[Time "15:32:10"]
[TimeControl "5400+10"]

1. e4 c5 2. Nf3 d6 3. d4 cxd4 4. Nxd4 Nf6 5. Nc3 a6 6. Bc4 e6 7. O-O Be7 8.
Bb3 Qc7 9. Be3 O-O 10. Qe2 b5 11. f3 Nbd7 12. a3 Bb7 13. Rad1 Ne5 14. Qf2
Rac8 15. Nce2 d5 16. exd5 Bxd5 17. Bxd5 Nxd5 18. Bc1 Bc5 19. Kh1 Nc4 20. f4
Rfd8 21. Qg3 Nf6 22. Qf3 Nd6 23. b3 Nde4 24. Bb2 Rd7 25. g4 h6 26. h4 Qb7
27. Kh2 h5 28. gxh5 Rd5 29. h6 Rh5 30. Rh1 Rxh4+ 31. Kg2 Rg4+ 32. Kh2 Qd5
33. Qh3 Nf2 34. h7+ Kh8 35. Nc3 Qd6 36. Nde2 Qc6 {White resigns} 0-1

[Event "ICC tourney 1994 (90 10)"]
[Site "Internet Chess Club"]
[Date "2020.09.06"]
[Round "4"]
[White "xyzchessdude"]
[Black "town"]
[Result "1/2-1/2"]
[ICCResult "Game drawn by mutual agreement"]
[WhiteElo "2062"]
[BlackElo "2149"]
[Opening "Réti opening"]
[ECO "A11"]
[NIC "RE.06"]
[Time "15:31:51"]
[TimeControl "5400+10"]

1. Nf3 d5 2. c4 c6 3. g3 Nf6 4. Bg2 Bf5 5. b3 e6 6. O-O Be7 7. Bb2 O-O 8. d3
Nbd7 9. Nbd2 a5 10. a3 h6 11. Ra2 Qc7 12. Qa1 Ra6 13. Re1 Bh7 14. Bc3 Rfa8
15. Rc1 Nc5 16. Qb2 b6 17. Raa1 Qa7 18. Nd4 Qb7 19. N4f3 b5 20. cxd5 cxd5
21. Bd4 Rc8 22. Rc2 Rac6 23. Rac1 Bxd3 24. Rxc5 Bxc5 25. Rxc5 Rxc5 26. Bxc5
Bxe2 27. b4 axb4 28. axb4 Bc4 29. Ne5 Qa6 30. h3 Qa4 31. Be7 Ne8 32. Qd4
Qd1+ 33. Kh2 Rc7 34. Bc5 Nf6 35. Qf4 Rb7 36. Ndxc4 bxc4 37. Nxc4 Nd7 38. Nd6
Nxc5 39. Nxb7 Nd3 40. Qd4 Qe2 41. Qe3 Qxe3 42. fxe3 Nxb4 43. Kg1 Kf8 44. Kf2
Ke7 45. Ke2 f5 46. Kd2 Kf6 47. Nc5 g5 48. Nd7+ Ke7 49. Ne5 Kf6 50. Nd3 Nc6
51. Kc3 h5 52. Bf3 h4 53. gxh4 gxh4 {Game drawn by mutual agreement} 1/2-1/2

[Event "ICC tourney 1994 (90 10)"]
[Site "Internet Chess Club"]
[Date "2020.09.06"]
[Round "4"]
[White "joeandjoe56"]
[Black "Sricharan07"]
[Result "1-0"]
[ICCResult "Black resigns"]
[WhiteElo "1836"]
[BlackElo "1878"]
[Opening "French: Tarrasch, closed variation, main line"]
[ECO "C06"]
[NIC "FR.17"]
[Time "15:31:58"]
[TimeControl "5400+10"]

1. e4 e6 2. d4 d5 3. Nd2 Nf6 4. e5 Nfd7 5. Bd3 c5 6. c3 Nc6 7. Ne2 cxd4 8.
cxd4 f6 9. exf6 Nxf6 10. O-O Bd6 11. Nf3 O-O 12. Re1 Bd7 13. a3 Rc8 14. Bg5
h6 15. Bh4 Qc7 16. Bg3 Rce8 17. Rc1 Qb8 18. Nc3 Bxg3 19. hxg3 e5 20. dxe5
Nxe5 21. Nxe5 Rxe5 22. Qb3 Bc6 23. Qb4 Rfe8 24. Ne2 Qd8 25. Nd4 Rxe1+ 26.
Rxe1 Rxe1+ 27. Qxe1 Qe8 28. Qxe8+ Nxe8 29. Bb5 Bxb5 30. Nxb5 a6 31. Nc3 Nc7
32. Kf1 Kf7 33. Ke2 Ke6 34. Kd3 Ke5 35. Ne2 Ne6 36. f3 b5 37. Kc3 a5 38. b4
d4+ 39. Kd3 Kd5 40. f4 h5 41. f5 Ng5 42. bxa5 Ne4 43. Nxd4 Nc5+ 44. Kc3 Ne4+
45. Kb4 Kxd4 46. a6 Nc3 47. a7 Nd5+ 48. Kxb5 Nc7+ 49. Kc6 Na8 50. Kb7
{Black resigns}
1-0

[Event "ICC tourney 1994 (90 10)"]
[Site "Internet Chess Club"]
[Date "2020.09.06"]
[Round "4"]
[White "saiabhi29"]
[Black "gmRohde"]
[Result "0-1"]
[ICCResult "White resigns"]
[WhiteElo "2058"]
[BlackElo "2473"]
[Opening "Queen's pawn: London system"]
[ECO "A45"]
[NIC "QP.07"]
[Time "15:31:55"]
[TimeControl "5400+10"]

1. d4 Nf6 2. Bf4 c6 3. e3 Qb6 4. b3 e6 5. c3 c5 6. Nf3 Nh5 7. Bg3 Nc6 8.
Nbd2 d5 9. Bd3 cxd4 10. exd4 Be7 11. O-O Nxg3 12. hxg3 Bd7 13. Qe2 Rc8 14.
Rfd1 O-O 15. Nf1 a5 16. Ne3 f5 17. c4 Bf6 18. cxd5 Nxd4 19. Nxd4 Bxd4 20.
Nc4 Qc5 21. dxe6 Rce8 22. Rac1 Bxe6 23. Qd2 Kh8 24. Rc2 b6 25. Nb2 Qe7 26.
Re1 Qf6 27. Bb5 Rd8 28. Qe2 Bd5 29. Nd3 Be4 30. Rec1 Qg5 31. Kf1 Qh6 32. Kg1
Qd6 33. Kf1 Bxd3 34. Qxd3 f4 35. g4 f3 36. gxf3 Qh2 37. Qe4 Bc5 38. Re1 Rd4
39. Qe5 Qh1+ 40. Ke2 Qxf3+ 41. Kf1 Qh1+ 42. Ke2 Re4+ {White resigns} 0-1